 Dungeon Crawl Stone Soup version 0.31-a0-7-g51783674b7 (webtiles) character file.

Game seed: 17706473151265584696

120038 Armakuni the Cruncher (level 15, -5/126 HPs)
             Began as a Demigod Artificer on May 6, 2023.
             Constricted to death by a shambling mangrove (26 damage)
             ... on level 4 of the Swamp.
             The game lasted 01:32:26 (28063 turns).

Armakuni the Cruncher (Demigod Artificer)          Turns: 28063, Time: 01:32:27

Health: -5/126     AC: 29    Str: 23    XL:     15   Next: 82%
Magic:  20/20      EV: 12    Int: 22    God:
Gold:   2157       SH: 10    Dex: 23    Spells: 2/16 levels left

rFire   + . .        a - +8 demon blade "Leech" {evervamp, Harm Drain rN+}
rCold   + . .        w - +3 buckler "Xayggexunk" {rElec rPois Slay+2}
rNeg    + . .        y - +7 shadow dragon scales of Xale {+Inv Str+2 Int-3 Dex+3 Stlth++++}
rPois   +            x - +2 helmet {SInv}
rElec   +            n - scarf {rC+ rF+}
rCorr   .            J - +0 pair of gloves
SInv    +            L - +0 pair of boots
Will    ++...        A - amulet of the acrobat
Stlth   +++          D - +6 ring of dexterity
HPRegen 0.41/turn    W - ring of willpower
MPRegen 0.17/turn

%: harm (+30% outgoing, +20% incoming), acrobat
@: grasped by roots, constricted
A: high MP 1, forlorn, divine attributes
a: Evoke Invisibility


You were on level 4 of the Swamp.
You visited 4 branches of the dungeon, and saw 26 of its levels.
You also visited: Ice Cave.

You collected 3732 gold pieces.
You spent 1575 gold pieces at shops.

Inventory:

Hand Weapons
 a - the +8 demon blade "Leech" (weapon) {evervamp, Harm Drain rN+}
   (You found it on level 4 of the Lair of Beasts)

   rN:        It protects you from negative energy.
   Drain:     It drains your maximum health when unequipped.
   Harm:      It increases damage dealt and taken.
 u - a +2 scimitar of flaming
 X - a +4 morningstar of freezing
Missiles
 h - 12 curare-tipped darts (quivered)
Armour
 n - a scarf of resistance (worn)
 w - the +3 buckler "Xayggexunk" (worn) {rElec rPois Slay+2}
   (You acquired it on level 4 of the Dungeon)

   Slay:      It affects your accuracy & damage with ranged weapons and melee
   (+2).
   rElec:     It insulates you from electricity.
   rPois:     It protects you from poison.
 x - a +2 helmet of see invisible (worn)
 y - the +7 shadow dragon scales of Xale (worn) {+Inv Str+2 Int-3 Dex+3 Stlth++++}
   (You acquired it on level 5 of the Dungeon)

   Str:       It affects your strength (+2).
   Int:       It affects your intelligence (-3).
   Dex:       It affects your dexterity (+3).
   +Inv:      It lets you turn invisible.
   Stlth:     It makes you much more stealthy.
 J - a +0 pair of gloves (worn)
 L - a +0 pair of boots (worn)
Magical Staves
 b - a staff of conjuration
 B - a staff of poison
Jewellery
 A - an amulet of the acrobat (around neck)
 D - a +6 ring of dexterity (left hand)
 K - the amulet of Xuhou {Faith Harm rCorr SInv}
   (You took it off an orc warrior on level 7 of the Dungeon)

   [amulet of faith]

   It allows you to gain divine favour quickly.
   SInv:      It lets you see invisible.
   rCorr:     It protects you from acid and corrosion.
   Harm:      It increases damage dealt and taken.
 M - an amulet of magic regeneration
 U - a ring of resist corrosion
 W - a ring of willpower (right hand)
 Y - a ring of flight
Wands
 c - a wand of charming (9)
 j - a wand of iceblast (3)
 k - a wand of digging (21)
 v - a wand of flame (14)
 F - a wand of mindburst (7)
 V - a wand of polymorph (1)
Scrolls
 f - 5 scrolls of amnesia
 g - 5 scrolls of poison
 o - 6 scrolls of immolation
 q - 2 scrolls of vulnerability
 E - 3 scrolls of fear
 N - a scroll of enchant weapon
 O - 2 scrolls of butterflies
 P - 3 scrolls of brand weapon
 Q - 16 scrolls of identify
 R - a scroll of noise
 S - 7 scrolls of teleportation
 T - 6 scrolls of fog
 Z - a scroll of magic mapping
Potions
 d - 6 potions of curing
 e - 4 potions of magic
 i - 3 potions of might
 m - 2 potions of flight
 p - 4 potions of resistance
 r - 9 potions of lignification
 t - 6 potions of cancellation
 z - 3 potions of brilliance
 C - 3 potions of ambrosia
 G - 6 potions of mutation
 I - 2 potions of haste
Miscellaneous
 l - a box of beasts
 H - a phantom mirror


   Skills:
 - Level 10.0 Fighting
 - Level 10.0 Long Blades
 - Level 1.0(7.6) Maces & Flails
 - Level 11.9(12.0) Staves
 - Level 10.0 Armour
 - Level 10.0 Dodging
 - Level 0.8 Stealth
 - Level 8.0 Shields
 - Level 1.0 Spellcasting
 - Level 10.0 Conjurations
 + Level 10.1 Evocations


You had 2 spell levels left.
You knew the following spells:

 Your Spells              Type           Power      Damage    Failure   Level
a - Vhi's Electric Charg  Tloc/Air       2%         N/A       96%         3
i - Iron Shot             Conj/Erth      11%        9d3       100%        6
w - Passwall              Tmut/Erth      0%         N/A       83%         2
z - Stone Arrow           Conj/Erth      46%        3d9       36%         3

Your spell library contained the following spells:

 Spells                   Type           Power      Damage    Failure   Level
 Sandblast                Erth           2%         2d4       69%         1
 Summon Small Mammal      Summ           4%         N/A       69%         1
 Ensorcelled Hibernation  Hex/Ice        2%         N/A       83%         2
 Iskenderun's Battlesphe  Conj           45%        2d10      41%         5
 Call Canine Familiar     Summ           1%         N/A       96%         3
 Portal Projectile        Hex/Tloc       2%         N/A       96%         3
 Spider Form              Tmut/Pois      1%         N/A       96%         3
 Summon Guardian Golem    Hex/Summ       1%         N/A       96%         3
 Tukima's Dance           Hex            1%         N/A       96%         3
 Arcjolt                  Conj/Air       11%        1d21      98%         5
 Anguish                  Hex/Necr       0%         N/A       100%        4
 Animate Armour           Summ/Erth      2%         N/A       100%        4
 Cause Fear               Hex            0%         N/A       100%        4
 Leda's Liquefaction      Hex/Erth       0%         N/A       100%        4
 Summon Ice Beast         Ice/Summ       1%         N/A       100%        4
 Blade Hands              Tmut           0%         N/A       100%        5
 Summon Mana Viper        Hex/Summ       1%         N/A       100%        5
 Dragon Form              Tmut           0%         N/A       100%        7
 Enfeeble                 Hex            0%         N/A       100%        7
 Monstrous Menagerie      Summ           0%         N/A       100%        7
 Spellforged Servitor     Conj/Summ      11%        N/A       100%        7
 Maxwell's Capacitive Co  Air            0%         ∞         100%        8
 Dragon's Call            Summ           0%         N/A       100%        9


Dungeon Overview and Level Annotations

Branches:
Dungeon (15/15)            Temple (0/1) D:5            Lair (5/5) D:11
  Swamp (4/4) Lair:2       Spider (0/4) Lair:3        Slime (0/5) Lair:5
    Orc (2/2) D:9             Elf (0/3) Orc:2        Vaults (0/5) D:13
 Depths (0/4) D:15          IceCv (visited)

Shops:
D:1 !   D:5 *   Orc:2 (?[(

Annotations:
D:1 1 runed translucent door
D:7 1 runed translucent door


Innate Abilities, Weirdness & Mutations

You have an increased reservoir of magic. (+10% MP)
You shall have no god before yourself.
Your divine heritage dramatically boosts your attributes as you level up.


Message History

The seven-headed hydra barely misses you.
The seven-headed hydra bites you! The seven-headed hydra bites you.
The seven-headed hydra barely misses you.
Blink to where?
Press: ? - help, Dir - move target, p - tyrant leech The roots grasp on you weakens, but your attempt to escape fails.
As you read the scroll of blinking, it crumbles to dust.
You block the goliath frog's attack. You block the swamp dragon's attack.
The swamp dragon claws you but does no damage.
The swamp dragon tramples you but does no damage.
Your tyrant leech bites the seven-headed hydra!
Your tyrant leech draws strength from the seven-headed hydra's injuries!
The shambling mangrove hits you! The grasping roots constrict you.
The seven-headed hydra barely misses your tyrant leech.
The seven-headed hydra bites your tyrant leech!
The seven-headed hydra barely misses your tyrant leech.
The seven-headed hydra bites your tyrant leech!
The seven-headed hydra closely misses your tyrant leech.
The seven-headed hydra bites your tyrant leech.
The seven-headed hydra barely misses your tyrant leech.
You block the goliath frog's attack.
Okay, then.
Unknown command.
As you read the scroll of fear, it crumbles to dust.
You assume a fearsome visage.
The swamp dragon looks frightened!
The goliath frog looks frightened!
The seven-headed hydra resists with some effort.
The shambling mangrove is unaffected.
Your tyrant leech bites the seven-headed hydra.
Your tyrant leech draws strength from the seven-headed hydra's injuries!
The seven-headed hydra bites your tyrant leech.
The seven-headed hydra closely misses your tyrant leech. x2
The seven-headed hydra bites your tyrant leech.
The seven-headed hydra misses your tyrant leech.
The seven-headed hydra barely misses your tyrant leech. x2
The roots grasp on you weakens, but your attempt to escape fails.
The shambling mangrove hits you!!
* * * LOW HITPOINT WARNING * * *
The grasping roots constrict you!!
You die...

~~..~♣.~~~~♣
♣§.♣#
#♣.~~..~
~~...♣.~~~~♣
♣♣.♣# #♣.~..~
~..~~.♣...♣♣
♣.~♣ #♣~~.~
...~~~♣♣♣♣♣
♣~♣# #.~~♣
.~~~~§♣ ♣~♣#
#♣.~.
~..~~~.♣ ♣~~♣
#♣~~~
~§....~~.
♣♣~♣# #~~~~
~~.~~~..§
♣~~♣# #♣♣~~~~
~~.~~~..~
♣f@§# #.~~~~.
..~.~~..~
♣.Dw.♣
♣.♣♣...
♣.~~~~. .
♣♣..
~F~~~~~D~.
♣~♣
~~~~~~~~~§♣.♣
♣♣~
.~~~~~~§~~.♣♣
♣ ♣♣
♣.~~~~~....♣
♣
♣~~~~~....~♣


You could see a shambling mangrove, a seven-headed hydra (distracted, ally
target), a swamp dragon (fleeing), a goliath frog (fleeing) and a friendly
tyrant leech (charmed).

Vanquished Creatures
  A thorn hunter (Swamp:3)
  An orc warlord (Orc:2)
  4 eleionomae
  3 bunyips
  Snorg (D:14)
  2 blizzard demons (IceCv)
  A fire dragon (Lair:5)
  3 vault guards (D:13)
  7 hydras
  A ghost crab (Swamp:2)
  Erolcha (Orc:2)
  A catoblepas (Lair:5)
  A death knight (D:15)
  4 centaur warriors
  5 boulder beetles
  6 alligators
  5 two-headed ogres
  4 tengu warriors (D:14)
  6 death yaks
  Sonja (D:13)
  A skyshark (Lair:3)
  A pharaoh ant (Lair:3)
  A skeletal warrior (D:14)
  4 goliath frogs
  5 bog bodies
  2 spriggan druids (Swamp:4)
  6 spriggan simulacra (IceCv)
  A phantasmal warrior (D:14)
  A deep elf archer (D:14)
  An obsidian statue (IceCv)
  3 swamp dragons (Swamp:1)
  Pikel (D:7)
  2 lindwurms
  A necromancer (D:15)
  6 orc sorcerers
  3 deep elf pyromancers
  3 orc knights
  2 wolf spiders (Lair:4)
  8 cyclopes
  5 manticores
  9 ugly things
  3 will-o-the-wisps (Swamp:2)
  An oklob plant (Lair:5)
  A centaur zombie (D:15)
  3 black mambas
  3 centaur skeletons (D:15)
  An ice statue (Swamp:1)
  An unseen horror (D:12)
  12 cane toads
  3 molten gargoyles (Lair:5)
  4 rime drakes
  A yaktaur (D:14)
  An anaconda simulacrum (IceCv)
  An efreet (D:13)
  2 tengu conjurers (D:14)
  2 freezing wraiths (D:14)
  A golden dragon simulacrum (IceCv)
  A kobold demonologist (D:12)
  11 ice devils (IceCv)
  10 komodo dragons
  A red devil (D:9)
  3 trolls
  A troll (shapeshifter) (D:14)
  7 tyrant leeches
  A bloated husk (Swamp:1)
  14 hornets
  2 tarantellas (Lair:3)
  A merfolk (shapeshifter) (D:14)
  Grinder (D:3)
  10 dream sheep
  13 blink frogs
  4 slime creatures
  14 spriggans
  A jumping spider (Lair:3)
  3 wraiths
  A culicivora (shapeshifter) (D:14)
  11 yaks
  2 vampires
  3 wyverns (Lair:5)
  A dire elephant simulacrum (IceCv)
  Grum (Lair:1)
  A steam dragon (Lair:5)
  17 vampire mosquitoes
  8 minotaur simulacra (IceCv)
  8 basilisks
  11 swamp worms
  5 wargs
  3 harpy simulacra (IceCv)
  An acid dragon (D:11)
  3 hell hounds (Lair:5)
  8 water moccasins
  A hydra simulacrum (IceCv)
  2 floating eyes
  A swamp drake (Swamp:2)
  5 black bears
  2 ettin simulacra (IceCv)
  24 orc warriors
  An ice beast (D:7)
  10 boggarts
  14 wolves
  9 ogres
  2 lemures
  2 phantoms (D:5)
  5 centaurs
  A kobold brigand (D:6)
  9 bullfrogs
  4 scorpions
  6 deep troll simulacra (IceCv)
  10 wights
  Dowan (D:5)
  2 lindwurm simulacra (IceCv)
  8 howler monkeys
  5 lava snakes (Lair:5)
  3 hounds
  22 orc priests
  2 gnoll boudas
  A jelly (D:5)
  Crazy Yiuf (D:5)
  An iguana (D:5)
  Natasha (thrice) (D:3)
  25 orc wizards
  A boggart skeleton (D:15)
  Robin (D:3)
  13 adders
  A shadow imp (D:8)
  A white imp (D:7)
  3 worms
  A dart slug (D:4)
  91 orcs
  5 ball pythons
  10 endoplasms
  2 giant cockroaches
  12 goblins
  14 hobgoblins
  8 jackals
  15 kobolds
  A quokka (D:4)
  2 bats
  5 frilled lizards
  3 rats (D:1)
  2 briar patches (Swamp:3)
719 creatures vanquished.

Vanquished Creatures (collateral kills)
  A thorn hunter (Swamp:2)
  A hydra (Swamp:3)
  A will-o-the-wisp (Swamp:3)
  A wolf spider (Lair:4)
  A black mamba (Lair:4)
  A komodo dragon (Lair:4)
  A hornet (Swamp:3)
  A dream sheep (Lair:4)
  A spriggan (Swamp:3)
  A vampire mosquito (D:7)
  Duvessa (D:5)
  An acid dragon (D:7)
  An orc warrior (D:7)
  2 wights
  A hound (D:7)
  An orc wizard (D:5)
  2 adders (Lair:4)
  An orc (D:5)
20 creatures vanquished.

Vanquished Creatures (others)
  A very ugly thing (IceCv)
  A vault guard (D:13)
  2 alligators
  2 spriggan simulacra (IceCv)
  A komodo dragon (Lair:3)
  A bloated husk (Swamp:1)
  2 dream sheep (Lair:4)
  A harpy simulacrum (IceCv)
  A boggart (D:11)
  3 wights
  A hound (D:5)
  3 briar patches (Swamp:2)
  8 foxfires
  18 fungi
  31 plants
76 creatures vanquished.

Grand Total: 815 creatures vanquished

Notes
Turn   | Place    | Note
-------+----------+-------------------------------------------
     0 | D:1      | Armakuni the Demigod Artificer began the quest for the Orb.
     0 | D:1      | Reached XP level 1. HP: 15/15 MP: 3/3
     3 | D:1      | Found a runed translucent door.
    26 | D:1      | Reached skill level 1 in Fighting
   141 | D:1      | Reached skill level 1 in Maces & Flails
   147 | D:1      | Reached XP level 2. HP: 22/23 MP: 4/4
   223 | D:1      | Found Catobihi's Distillery.
   837 | D:2      | Reached XP level 3. HP: 30/30 MP: 5/5
  1578 | D:3      | Noticed Grinder
  1579 | D:3      | Noticed Natasha
  1582 | D:3      | Killed Natasha
  1583 | D:3      | Reached XP level 4. HP: 12/38 MP: 6/6
  1583 | D:3      | Killed Grinder
  1584 | D:3      | Reached skill level 1 in Dodging
  1584 | D:3      | Reached XP level 5. HP: 14/45 MP: 7/7
  1733 | D:1      | Bought a potion of heal wounds for 60 gold pieces
  1733 | D:1      | Bought a potion of curing for 36 gold pieces
  1733 | D:1      | Bought a potion of lignification for 36 gold pieces
  1897 | D:3      | Noticed Robin
  1912 | D:3      | Killed Robin
  1951 | D:3      | Reached XP level 6. HP: 51/51 MP: 8/8
  2310 | D:3      | Noticed Natasha
  2330 | D:3      | Killed Natasha
  2486 | D:3      | Noticed Natasha
  2505 | D:3      | Killed Natasha
  2525 | D:4      | Identified the +5 short sword "Zith" {speed, rF+ MP+9
                  | Dex+4}
  2641 | D:4      | Reached skill level 5 in Evocations
  2813 | D:4      | Identified 3 scrolls of acquirement
  2813 | D:4      | Acquired the +0 buckler of Light {Rampage rF+ Regen+ Int-2}
  2856 | D:4      | Acquired the +3 buckler "Xayggexunk" {rElec rPois Slay+2}
  2858 | D:4      | Acquired 474 gold pieces
  2900 | D:4      | Reached skill level 1 in Shields
  2900 | D:4      | Reached XP level 7. HP: 36/60 MP: 9/9
  3047 | D:4      | Reached skill level 5 in Fighting
  3454 | D:5      | Entered Level 5 of the Dungeon
  3533 | D:5      | Noticed Dowan
  3541 | D:5      | Reached skill level 1 in Staves
  3605 | D:5      | Noticed Duvessa
  3619 | D:5      | Killed Duvessa
  3620 | D:5      | Reached skill level 2 in Staves
  3620 | D:5      | Reached XP level 8. HP: 57/68 MP: 10/10
  3632 | D:5      | Killed Dowan
  3670 | D:5      | Reached skill level 3 in Staves
  3738 | D:5      | Reached skill level 4 in Staves
  3768 | D:5      | Found a staircase to the Ecumenical Temple.
  3895 | D:5      | Reached skill level 5 in Staves
  3996 | D:5      | Acquired the +7 shadow dragon scales of Xale {+Inv Str+2
                  | Int-3 Dex+3 Stlth++++}
  4043 | D:5      | Found Hueten's Assorted Antiques.
  4051 | D:5      | Bought a scroll of teleportation for 72 gold pieces
  4132 | D:5      | Found a runed translucent door.
  4133 | D:5      | Noticed Crazy Yiuf
  4141 | D:5      | Killed Crazy Yiuf
  4462 | D:6      | Reached skill level 6 in Staves
  5029 | D:7      | Noticed Pikel
  5123 | D:7      | Killed Pikel
  5124 | D:7      | Reached skill level 7 in Staves
  5124 | D:7      | Reached XP level 9. HP: 27/74 MP: 11/11
  5481 | D:7      | Reached skill level 8 in Staves
  5677 | D:7      | Noticed a boulder beetle
  5906 | D:7      | Found a runed translucent door.
  5907 | D:7      | Found a runed translucent door.
  5907 | D:7      | Identified the amulet of Xuhou {Faith Harm rCorr SInv}
  5914 | D:7      | Reached skill level 9 in Staves
  5948 | D:7      | Identified the +1 chain mail of Vate {rPois Int+3 Dex+3}
  6098 | D:7      | Noticed a manticore
  6114 | D:7      | Reached skill level 10 in Staves
  6120 | D:7      | Killed a manticore
  6132 | D:7      | Noticed a boulder beetle
  6144 | D:7      | Killed a boulder beetle
  6145 | D:7      | Reached XP level 10. HP: 51/81 MP: 13/13
  6271 | D:8      | Reached skill level 11 in Staves
  6422 | D:8      | Noticed a two-headed ogre
  6436 | D:8      | Killed a two-headed ogre
  6830 | D:9      | Found a staircase to the Orcish Mines.
  7195 | D:10     | Entered Level 10 of the Dungeon
  7376 | D:7      | Killed a boulder beetle
  7377 | D:7      | Reached skill level 5 in Armour
  7506 | D:1      | Bought a potion of heal wounds for 60 gold pieces
  7506 | D:1      | Bought a potion of resistance for 120 gold pieces
  7506 | D:1      | Bought a potion of mutation for 96 gold pieces
  7506 | D:1      | Bought a potion of cancellation for 96 gold pieces
  7506 | D:1      | Bought a potion of brilliance for 48 gold pieces
  7506 | D:1      | Bought a potion of ambrosia for 96 gold pieces
  7506 | D:1      | Bought a potion of haste for 120 gold pieces
  7604 | D:7      | Noticed a two-headed ogre
  7613 | D:7      | Killed a two-headed ogre
  7978 | D:9      | Noticed a cyclops
  7988 | D:9      | Killed a cyclops
  8351 | Orc:1    | Entered Level 1 of the Orcish Mines
  8473 | Orc:2    | Entered Level 2 of the Orcish Mines
  8475 | Orc:2    | Noticed an orc sorcerer
  8551 | Orc:2    | Noticed a smoke demon
  8658 | Orc:2    | Noticed a soul eater
  8672 | Orc:2    | an orc sorcerer changed into a lindwurm
  8672 | Orc:2    | Noticed a lindwurm
  8678 | Orc:2    | Killed a lindwurm
  8679 | Orc:2    | Reached XP level 11. HP: 86/86 MP: 14/14
  8709 | Orc:1    | Noticed an orc knight
  9637 | D:11     | Noticed a two-headed ogre
 10050 | D:11     | Found a staircase to the Lair.
 10083 | Lair:1   | Entered Level 1 of the Lair of Beasts
 10137 | Lair:1   | Noticed Grum
 10157 | Lair:1   | Killed Grum
 10711 | Lair:1   | Reached skill level 10 in Armour
 11088 | Lair:1   | Reached skill level 5 in Dodging
 11340 | Lair:1   | Identified the +2 chain mail of Peek-a-Boo {rC+ Dex+3}
 11557 | Lair:2   | Found a staircase to the Swamp.
 12110 | Lair:3   | Noticed a pharaoh ant
 12116 | Lair:3   | Killed a pharaoh ant
 12124 | Lair:3   | Found a hole to the Spider Nest.
 12434 | Lair:3   | Noticed a skyshark
 12443 | Lair:3   | Killed a skyshark
 12444 | Lair:3   | Reached XP level 12. HP: 79/94 MP: 15/15
 12767 | Lair:3   | Noticed a five-headed hydra
 12778 | Lair:3   | Killed a five-headed hydra
 13249 | Lair:3   | Learned a level 3 spell: Stone Arrow
 13306 | Lair:4   | Reached skill level 1 in Conjurations
 13308 | Lair:4   | Reached skill level 1 in Spellcasting
 14292 | Lair:4   | Found the +8 demon blade "Leech" {evervamp, Harm Drain rN+}
 14710 | Lair:5   | Entered Level 5 of the Lair of Beasts
 14740 | Lair:5   | Reached skill level 1 in Long Blades
 14805 | Lair:5   | Noticed a catoblepas
 14824 | Lair:5   | Killed a catoblepas
 15311 | Lair:5   | Found a staircase to the Slime Pits.
 15358 | Lair:5   | Noticed a six-headed hydra
 15371 | Lair:5   | Killed a two-headed hydra
 15381 | Lair:5   | Reached skill level 5 in Long Blades
 15411 | Lair:5   | Reached XP level 13. HP: 67/100 MP: 17/17
 16012 | Lair:5   | Found a large runed translucent door.
 16013 | Lair:5   | Found a large runed translucent door.
 16216 | Lair:5   | Learned a level 2 spell: Passwall
 16407 | Orc:2    | Found a staircase to the Elven Halls.
 16515 | Orc:2    | Found Tuojof's Weapon Emporium.
 16687 | Orc:2    | Noticed Erolcha
 16693 | Orc:2    | Killed Erolcha
 17056 | Orc:2    | Noticed an orc warlord
 17066 | Orc:2    | Killed an orc warlord
 17106 | Orc:2    | Found Axutziur's Antique Weapon Shop.
 17174 | Orc:2    | Found Ycir's Antique Armour Boutique.
 17194 | Orc:2    | Bought a runed helmet for 255 gold pieces
 17238 | Orc:2    | Found Atrat's Magic Scroll Shop.
 17272 | Orc:2    | Bought a scroll of fear for 56 gold pieces
 17272 | Orc:2    | Bought a scroll of poison for 56 gold pieces
 17909 | Orc:2    | Bought a slimy long sword for 144 gold pieces
 17909 | Orc:2    | Identified the +4 long sword "Kaighaut" {protect, Dex+3}
                  | (You bought it in a shop on level 2 of the Orcish Mines)
 17950 | Orc:2    | Bought 3 scrolls of immolation for 168 gold pieces
 17950 | Orc:2    | Bought a scroll of vulnerability for 56 gold pieces
 18336 | D:11     | Reached skill level 10 in Fighting
 19449 | D:13     | Noticed Sonja
 19457 | D:13     | Killed Sonja
 19871 | D:13     | Found a gate to the Vaults.
 19876 | D:13     | Reached XP level 14. HP: 75/121 MP: 19/19
 20182 | D:13     | Reached skill level 10 in Long Blades
 20419 | D:14     | Noticed Snorg
 20431 | D:14     | Killed Snorg
 20823 | D:15     | Entered Level 15 of the Dungeon
 20945 | D:15     | Paralysed by a floating eye for 4 turns
 21254 | D:14     | Reached skill level 10 in Dodging
 21303 | D:15     | Paralysed by a floating eye for 2 turns
 21545 | D:14     | Reached skill level 5 in Shields
 22444 | D:15     | Learned a level 3 spell: Vhi's Electric Charge
 22782 | D:15     | Paralysed by an orc sorcerer for 4 turns
 22796 | D:15     | Found a staircase to the Depths.
 23273 | Swamp:1  | Entered Level 1 of the Swamp
 23666 | Swamp:1  | Found a frozen archway.
 23698 | Swamp:1  | Reached XP level 15. HP: 65/126 MP: 20/20
 23706 | IceCv    | Entered an ice cave
 25129 | IceCv    | Reached skill level 10 in Evocations
 25365 | IceCv    | Learned a level 6 spell: Iron Shot
 25553 | IceCv    | Reached skill level 5 in Conjurations
 25712 | IceCv    | Identified the staff of poison "Timmudeff" {rPois rF+ rC+
                  | Str-5 Dex+3}
 26239 | Swamp:2  | Noticed a thorn hunter
 26257 | Swamp:2  | Killed a thorn hunter
 26976 | Swamp:3  | Noticed a thorn hunter
 27001 | Swamp:3  | Killed a thorn hunter
 27551 | Swamp:4  | Entered Level 4 of the Swamp
 27712 | Swamp:4  | Identified the ring "Tuho" {Fire Str+2 Dex+5 Stlth+}
 27997 | Swamp:4  | Reached skill level 10 in Conjurations
 28063 | Swamp:4  | Constricted to death by a shambling mangrove

Illustrated notes

Levels and vault maps discovered:
D:1:      dpeg_arrival_caged_fury, layout_basic, serial_shops,
          nicolae_shop_stone, minmay_misc_feat_rows,
          chequers_serial_rivers_room_a
D:2:      layout_basic, basic_altar, dk_noncrumbling_3, corner_web_ring
D:3:      layout_basic, grunt_temple_overflow_cloverleaf, uniq_grinder,
          uniq_robin, uniq_natasha
D:4:      minmay_evil_eye, layout_basic, nicolae_overflow_crystal_walls
D:5:      layout_loops_ring, temple_pool_b, serial_shops,
          nicolae_shop_hallway_plus, uniq_duvessa, uniq_crazy_yiuf_cottage
D:6:      layout_basic, mainiacjoe_overflow_catwalk_spiral
D:7:      minmay_the_grid_triangle_9x9_recursive_2
          [minmay_the_grid_triangle_9x9_prize_schism,
          minmay_the_grid_triangle_9x9_tough_junction,
          minmay_the_grid_triangle_9x9_negative_grid,
          minmay_the_grid_triangle_9x9_intruding_spiral], layout_loops_ring,
          mainiacjoe_overflow_paths, uniq_pikel
D:8:      layout_cave_pools, nrook_campfire
D:9:      layout_small_grid, orc_david_3
D:10:     layout_irregular_city, hangedman_decor_peaks_small
D:11:     layout_cave_pods, lair_entry_dummy
D:12:     layout_loops_ring
D:13:     layout_cave_pools, lightli_vaults_fourway_checkpoint, special_room
          [special_room_orc], uniq_sonja
D:14:     layout_cave_pools, lemuel_blue_sif_altar, uniq_snorg
D:15:     grunt_enter_depths_magical_seal, layout_basic, corexii_hall_statues_l,
          onia_ninara_cookie
Lair:1:   layout_roguey, beast_lair_carwin_9, uniq_grum
Lair:2:   layout_long_grid, swamp_mist, infiniplex_staircase_pool_2
Lair:3:   layout_hall_layers, nicolae_spider_entry_lesser_pyramids
Lair:4:   minmay_lair_venomous_thicket, layout_regular_city,
          minmay_lindwurm_lava, lemuel_fruit_fields
Lair:5:   cheibrodos_lair_end_hotspot, layout_regular_city, slime_entry_1,
          lemuel_oklob_altar
Swamp:1:  layout_basic_swamp, portal_ice_cave_entry_ice_statue_one,
          evilmike_swamp_ruin_wall, swamp_pool1
Swamp:2:  layout_basic_swamp, lemuel_altar_in_water
Swamp:3:  layout_falls_marsh, evilmike_swamp_ruin_house_2, swamp_pool1
Swamp:4:  swamp, layout_basic_swamp
Orc:1:    layout_caves, hellmonk_bongcloud_opening
Orc:2:    grunt_orc_community_town_hall, layout_diamond_mine,
          grunt_orc_community_big_house_2, grunt_orc_community_big_house_1,
          grunt_orc_community_house_3, grunt_orc_community_house_1,
          grunt_orc_community_house_2, grunt_orc_community_house_2,
          nicolae_orc_lost_temple, uniq_erolcha

Skill      XL: |  1  2  3  4  5  6  7  8  9 10 11 12 13 14 15 |
---------------+----------------------------------------------+-----
Fighting       | 1 2 3 4 5 10 | 10.0
Maces & Flails | 1 |  1.0
Evocations     | 3 4 5 6 8 10 | 10.1
Armour         | 2 3 7 10 | 10.0
Dodging        | 1 2 7 8 10 | 10.0
Shields        | 1 4 8 |  8.0
Staves         | 2 7 10 11 | 11.9
Conjurations   | 4 10 | 10.0
Spellcasting   | 1 |  1.0
Long Blades    | 6 9 10 | 10.0
Stealth        | |  0.8

Action                     |  1- 3 |  4- 6 |  7- 9 | 10-12 | 13-15 || total
---------------------------+-------+-------+-------+-------+-------++-------
  Melee: Club              |   102 |       |       |       |       ||   102
         Punch             |     3 |     2 |       |       |       ||     5
         Mace              |       |    97 |       |       |       ||    97
         Short sword       |       |    50 |   107 |       |       ||   157
         Dagger            |       |       |   104 |       |       ||   104
         Whip              |       |       |    76 |       |       ||    76
         Flail             |       |       |    99 |   630 |       ||   729
         Morningstar       |       |       |     5 |       |       ||     5
         Demon blade       |       |       |       |    99 |  1390 ||  1489
         Scimitar          |       |       |       |     5 |       ||     5
   Fire: Sling             |    33 |       |       |       |       ||    33
  Throw: Dart              |     4 |       |     4 |    10 |     3 ||    21
  Evoke: Wand              |    11 |     7 |     9 |    50 |    53 ||   130
         Phantom mirror    |       |       |       |     2 |     1 ||     3
         Box of beasts     |       |       |       |       |     1 ||     1
    Use: Scroll            |     5 |     7 |     8 |    12 |    15 ||    47
         Potion            |       |     1 |     4 |     9 |     2 ||    16
   Stab: Sleeping          |     2 |     1 |     1 |     7 |    12 ||    23
         Invisible         |       |       |       |     1 |       ||     1
         Distracted        |       |       |       |       |     1 ||     1
 Armour: Leather armour    |    39 |       |    46 |       |       ||    85
         Ring mail         |     8 |    50 |    34 |       |       ||    92
         Acid dragon scale |       |       |    16 |   109 |       ||   125
         Shadow dragon sca |       |       |       |   252 |   781 ||  1033
  Dodge: Dodged            |    67 |    93 |   174 |   398 |   789 ||  1521
  Block: Buckler           |       |     2 |    89 |   386 |   735 ||  1212

Table legend: (Time is in decaauts)
 A = Elapsed time spent in this place.
 B = Non-inter-level travel time spent in this place.
 C = Inter-level travel time spent in this place.
 D = Time resting spent in this place.
 E = Time spent auto-exploring this place.
 F = Levels seen in this place.
 G = Mean time per level.
                   A        B        C        D        E       F      G
               +--------+--------+--------+--------+--------+-----+--------+
         Total |  28286 |  26756 |   1530 |   6002 |  13425 |  27 | 1047.6 |
       Dungeon |  15181 |  14034 |   1147 |   2532 |   7646 |  15 | 1012.1 |
          Lair |   6202 |   5981 |    221 |   1228 |   3304 |   5 | 1240.4 |
         Swamp |   2865 |   2822 |     43 |    578 |   1213 |   4 |  716.2 |
  Orcish Mines |   1998 |   1880 |    118 |    175 |   1080 |   2 |  999.0 |
      Ice Cave |   2039 |   2039 |      0 |   1488 |    181 |   1 | 2039.0 |
               +--------+--------+--------+--------+--------+-----+--------+

Top non-repeatable levels by time:
   IceCv: 2039 daAuts
    D:14: 1906 daAuts
     D:7: 1525 daAuts
  Lair:5: 1519 daAuts
  Lair:4: 1497 daAuts
    D:10: 1320 daAuts
  Lair:1: 1291 daAuts
  Lair:3: 1230 daAuts
   Orc:2: 1134 daAuts
     D:2: 1118 daAuts
     D:9: 1029 daAuts
     D:4: 1018 daAuts
    D:13: 1013 daAuts
    D:11: 931 daAuts
     D:5: 926 daAuts
